 Dungeon Crawl Stone Soup version 0.31-a0-1204-ge2c1a86 (webtiles) character file.

Game seed: 245946724709169990

2444 heloo0000 the Ruffian (level 9, -7/138 HPs)
             Began as a Troll Fighter on Dec 12, 2023.
             Was a Follower of Wu Jian.
             Mangled by a gnoll
             ... wielding a +0 halberd
             ... led by a gnoll bouda
              (11 damage)
             ... while paralysed
             ... on level 6 of the Dungeon.
             The game lasted 00:05:19 (4327 turns).

heloo0000 the Ruffian (Troll Fighter)               Turns: 4327, Time: 00:05:20

Health: -7/138     AC: 24    Str: 28 (29) XL:     9   Next: 25%
Magic:  8/8        EV:  1    Int:  0 (3)  God:    Wu Jian [*.....]
Gold:   229        SH:  0    Dex: 12 (13) Spells: 8/8 levels left

rFire   . .          .
                       - Unarmed
rCold   . . .        b - +0 kite shield
rNeg    . . .        a - melded +0 robe
rPois   +            (helmet currently unavailable)
rElec   .            r - melded scarf {+Inv}
rCorr   .            (gloves unavailable)
SInv    .            (boots unavailable)
Will    .....        (no amulet)
Stlth   +            (no ring)
HPRegen 1.23/turn    (no ring)
MPRegen 0.11/turn

%: no passive effects
@: paralysed, lethally poisoned (-7 -> -11), tree-form, weakened, slowed, lost
intelligence, unable to read
A: stationary, stasis, torment immunity, boosted hp, large, unfitting armour,
(claws 3), regeneration 1, (shaggy fur 1), (tough skin 1), (antennae 1), (hooves
1), agile 1
a: Renounce Religion


You were on level 6 of the Dungeon.
You worshipped Wu Jian.
Wu Jian was aware of your devotion.
You were a tree.
You visited 2 branches of the dungeon, and saw 7 of its levels.

You collected 229 gold pieces.

Inventory:

Armour
 a - a +0 robe (melded)
 b - a +0 kite shield (worn)
 r - a scarf of invisibility (melded)
Jewellery
 f - the ring "Hociwkapt" {*Slow Will+ Dex+5 Slay+2}
   (You found it on level 3 of the Dungeon)

   [ring of willpower]

   Dex+5:     It affects your dexterity (+5).
   Slay+2:    It affects your accuracy & damage with ranged weapons and melee
   (+2).
   Will+:     It increases your willpower.
   *Slow:     It may slow you when you take damage.
 z - a ring of ice
Talismans
 m - a granite talisman
 t - a maw talisman
Scrolls
 g - 4 scrolls of identify {unknown}
 h - a scroll of fear {unknown}
 j - a scroll of amnesia {unknown}
 k - a scroll of revelation {unknown}
 l - 3 scrolls of immolation {unknown}
 n - 2 scrolls of enchant armour {unknown}
 o - a scroll of enchant weapon {unknown}
 s - a scroll of poison {unknown}
 w - 2 scrolls of teleportation {unknown}
 y - 2 scrolls of fog {unknown}
 A - a scroll of noise {unknown}
Potions
 c - a potion of might
 d - a potion of mutation
 e - a potion of lignification
 i - 3 potions of degeneration
 p - a potion of resistance {unknown}
 q - a potion of cancellation {unknown}
 u - a potion of curing {unknown}
 v - a potion of heal wounds {unknown}
 x - a potion of brilliance {unknown}


   Skills:
 + Level 6.6 Fighting
 - Level 2.4 Dodging
 - Level 2.6 Shields
 + Level 7.5 Unarmed Combat
 + Level 6.2 Shapeshifting


You had 8 spell levels left.
You didn't know any spells.
Your spell library contained the following spells:

 Spells                   Type           Power      Damage    Failure   Level
 Kiss of Death            Conj/Necr      0%         2d5       83%         1
 Confusing Touch          Hex            0%         N/A       99%         3
 Inner Flame              Hex/Fire       0%         N/A       99%         3
 Dispel Undead            Necr           0%         3d6       100%        4
 Flame Wave               Conj/Fire      0%         2d4       100%        4
 Manifold Assault         Tloc           0%         N/A       100%        4
 Olgreb's Toxic Radiance  Pois           0%         N/A       100%        4
 Sticky Flame             Conj/Fire      0%         2d3       100%        4
 Vhi's Electric Charge    Tloc/Air       0%         N/A       100%        4
 Discord                  Hex            0%         N/A       100%        8
 Ignition                 Fire           0%         3d3       100%        8


Dungeon Overview and Level Annotations

Branches:
Dungeon (6/15)             Temple (1/1) D:5

Altars:
Dithmenos
Elyvilon
Gozag
Hepliaklqana
Nemelex Xobeh
Okawaru
Qazlal
Ru
Sif Muna
Trog
Uskayaw
Vehumet
Wu Jian
Xom
Zin
The Shining One

Shops:
D:3 (


Innate Abilities, Weirdness & Mutations

You are a tree.
Your roots penetrate the ground, keeping you stationary.
You cannot be teleported.
You are immune to unholy pain and torment.
Your maximum health is greatly increased.
Your equipment is partially melded.
You are too large for most types of armour.
((You have claws for hands.))
Your natural rate of healing is unusually fast.
((You are covered in fur. (AC +1)))
((You have tough skin. (AC +1)))
((You have a pair of small antennae on your head.))
((You have large cloven feet.))
You are agile. (Dex +4, Str/Int -1)


Message History

You feel very sick. The gnoll attacks as it pursues you!
The gnoll hits you from afar with a +2 spear of venom.
You are more poisoned.
You feel very sick. The gnoll closely misses you.
Found a scroll labelled XOLIGU UFUHAOB.
You feel very sick.
You feel very sick. The gnoll attacks as it pursues you!
The gnoll hits you from afar with a +2 spear of venom.
* * * LOW HITPOINT WARNING * * *
You are lethally poisoned!
* * * LOW HITPOINT WARNING * * *
You feel extremely sick.
The gnoll bouda gazes fiercely through you!
You feel your attacks grow feeble.
It was a potion of degeneration.
There was something very wrong with that liquid.
You feel weakened.
You feel dopey.
You feel clumsy.
* * * LOW HITPOINT WARNING * * *
You feel very sick. You block the gnoll's attack.
It was a potion of lignification.
You turn into a tree.
Your scarf of invisibility melds into your body.
Your +0 robe melds into your body.
Your roots penetrate the ground.
* * * LOW HITPOINT WARNING * * *
You feel very sick. The gnoll hits you but does no damage.
The gnoll hits you from afar with a +2 spear of venom.
* * * LOW HITPOINT WARNING * * *
It was a potion of mutation.
You feel extremely strange. A pair of antennae grows on your head!
You feel agile.
You have lost your intelligence.
Your feet thicken and deform.
* * * LOW HITPOINT WARNING * * *
You feel very sick.
The gnoll is no longer moving quickly.
The gnoll hits you from afar with a +0 halberd!
You die...

.### #... ....
#.).g.....#####
...###.....
#..#####............
............
#...##gg#..........
.........?..##
#.....####....###.
......#......####.gg##
#..### . ......#
#....###..## #..# .
#..##..# #.....ggg# #..#
#. #..# #..####......##
#..## .# ..##
#..###....♣.# #...###.#
..# #...#......# ##......#
.##
#.........#######<......#
.#
#..##..............####.##
.# ##..#####........#...#
#..# ## #..##
#.....######...###.# #
##..# ##......# ##...##.#
# ##..## ##.......##
#...#.. .####...#
##.........# ##......


You could see a gnoll bouda and 6 gnolls.

Vanquished Creatures
  5 humans (D:6)
  A water moccasin (D:6)
  2 sky beasts (D:6)
  2 ice beasts
  A black bear (D:6)
  An orc warrior (D:6)
  An ogre (D:5)
  2 phantoms
  A bullfrog (D:6)
  5 scorpions
  3 hounds
  A jelly (D:5)
  2 sleepcaps
  2 gnoll boudas (D:5)
  2 iguanas
  Robin (D:2)
  9 gnolls
  3 adders (D:2)
  A shadow imp (D:5)
  3 worms
  3 dart slugs
  5 orcs
  3 endoplasms
  5 giant cockroaches
  14 goblins
  2 hobgoblins (D:2)
  6 jackals
  4 quokkas
  6 ball pythons
  6 bats
  3 frilled lizards (D:1)
  5 kobolds
  5 rats
115 creatures vanquished.

Notes
Turn   | Place    | Note
-------+----------+-------------------------------------------
     0 | D:1      | heloo0000 the Troll Fighter began the quest for the Orb.
     0 | D:1      | Reached XP level 1. HP: 22/22 MP: 0/0
   249 | D:1      | Reached XP level 2. HP: 25/29 MP: 1/1
   475 | D:1      | Reached skill level 1 in Shapeshifting
   770 | D:2      | Noticed Robin
   790 | D:2      | Reached XP level 3. HP: 36/36 MP: 2/2
   803 | D:2      | Killed Robin
   861 | D:2      | Found a faded altar of an unknown god.
   998 | D:2      | Reached skill level 3 in Unarmed Combat
  1002 | D:2      | Reached XP level 4. HP: 38/45 MP: 3/3
  1551 | D:3      | Identified the ring "Hociwkapt" {*Slow Will+ Dex+5 Slay+2}
  1833 | D:3      | Found Ynonauta's Antique Weapon Shoppe.
  2152 | D:4      | Reached XP level 5. HP: 36/53 MP: 4/4
  2159 | D:4      | Noticed a phantom
  2173 | D:4      | Killed a phantom
  2212 | D:4      | Reached skill level 4 in Unarmed Combat
  2221 | D:4      | Reached XP level 6. HP: 29/62 MP: 5/5
  2516 | D:4      | Found a glowing silver altar of Zin.
  2548 | D:5      | Entered Level 5 of the Dungeon
  2622 | D:4      | Reached XP level 7. HP: 29/71 MP: 6/6
  2845 | D:5      | Reached skill level 5 in Unarmed Combat
  3004 | D:5      | Found a glowing golden altar of the Shining One.
  3130 | D:5      | Found a staircase to the Ecumenical Temple.
  3154 | Temple   | Entered the Ecumenical Temple
  3169 | Temple   | Became a worshipper of the Wu Jian Council
  3274 | D:5      | Reached skill level 5 in Fighting
  3527 | D:6      | Reached XP level 8. HP: 80/80 MP: 7/7
  3662 | D:6      | Reached skill level 6 in Unarmed Combat
  3761 | D:6      | Reached skill level 5 in Shapeshifting
  3843 | D:6      | Reached skill level 7 in Unarmed Combat
  3848 | D:6      | HP: 4/83 [human/+0 club (11)]
  3850 | D:6      | Reached XP level 9. HP: 5/89 MP: 8/8
  4049 | D:6      | Got the Volume of the Blessed Realm
  4159 | D:6      | Reached * piety under Wu Jian
  4327 | D:6      | Gained mutation: You have a pair of small antennae on your
                  | head. [potion of mutation]
  4327 | D:6      | Lost intelligence.
  4327 | D:6      | Gained mutation: You are agile. (Dex +4, Str/Int -1)
                  | [potion of mutation]
  4327 | D:6      | Gained mutation: You have large cloven feet. [potion of
                  | mutation]
  4327 | D:6      | HP: 4/138 [poisoned by a gnoll]
  4327 | D:6      | Mangled by a gnoll

Illustrated notes

Levels and vault maps discovered:
D:1:      heliophobic_arrival_battle_scene, layout_loops_cross
D:2:      layout_basic, ebering_ecumenical_altar_webs, minmay_tromino_v4_c,
          uniq_robin
D:3:      layout_loops_ring, serial_shops, shop
D:4:      layout_rooms, zin_treasury
D:5:      layout_cave_pools, tso_altar, minmay_temple_entry_butterflies
D:6:      layout_layer_cave, minmay_ruffians
Temple:   nicolae_temple_great_sept

Skill      XL: |  1  2  3  4  5  6  7  8  9 |
---------------+----------------------------+-----
Shapeshifting  | 1 2 3 4 5 6 |  6.2
Fighting       | 3 4 5 6 |  6.6
Unarmed Combat | 3 4 5 7 |  7.5
Dodging        | |  2.4
Shields        | |  2.6

Action                     |  1- 3 |  4- 6 |  7- 9 || total
---------------------------+-------+-------+-------++-------
  Melee: Unarmed           |    91 |   133 |   199 ||   423
Ability: Lunge             |       |       |     8 ||     8
         Whirlwind         |       |       |     1 ||     1
    Use: Potion            |       |       |     3 ||     3
   Stab: Sleeping          |     2 |       |       ||     2
 Armour: Robe              |    76 |   106 |   153 ||   335
         Skin              |       |       |     3 ||     3
  Dodge: Dodged            |    28 |    57 |    64 ||   149
  Block: Kite shield       |    42 |    85 |    81 ||   208

Table legend: (Time is in decaauts)
 A = Elapsed time spent in this place.
 B = Non-inter-level travel time spent in this place.
 C = Inter-level travel time spent in this place.
 D = Time resting spent in this place.
 E = Time spent auto-exploring this place.
 F = Levels seen in this place.
 G = Mean time per level.
                   A        B        C        D        E       F      G
               +--------+--------+--------+--------+--------+-----+--------+
         Total |   4345 |   4207 |    138 |    399 |   2881 |   7 |  620.7 |
       Dungeon |   4319 |   4190 |    129 |    399 |   2881 |   6 |  719.8 |
        Temple |     25 |     16 |      9 |      0 |      0 |   1 |   25.0 |
               +--------+--------+--------+--------+--------+-----+--------+

Top non-repeatable levels by time:
     D:6: 828 daAuts
     D:2: 799 daAuts
     D:5: 773 daAuts
     D:1: 748 daAuts
     D:4: 641 daAuts
     D:3: 527 daAuts
  Temple: 25 daAuts
